 Dungeon Crawl Stone Soup version 0.28.0-49-g6dfe1f597d (webtiles) character file.

Game seed: 15002212135494762844

35311 Gabide the Fighter (level 14, -1/111 HPs)
             Began as a Human Monk on May 11, 2022.
             Was a High Priest of Sif Muna.
             Shot with a bolt by an orc knight (14 damage)
             ... on level 1 of the Orcish Mines.
             The game lasted 01:09:33 (22338 turns).

Gabide the Fighter (Human Monk)                    Turns: 22338, Time: 01:09:34

Health: -1/111     AC: 22    Str: 19    XL:     14   Next: 17%
Magic:  0/31       EV: 15    Int: 11    God:    Sif Muna [*****.]
Gold:   616        SH:  0    Dex: 18    Spells: 19/23 levels left

rFire   . . .      SeeInvis .   a - +4 glaive (venom)
rCold   . . .      Faith    .   (shield currently unavailable)
rNeg    . . .      Spirit   +   A - +3 scale mail "Ogietubb" {rPois Str+3}
rPois   +          Reflect  .   x - +0 helmet
rElec   .          Harm     .   l - +2 cloak {Will+}
rCorr   .          Rampage  .   w - +0 pair of gloves
Will    ++...                   c - +0 pair of boots
Stlth   +.........              n - amulet of guardian spirit
HPRegen 0.28/turn               e - ring of magical power
MPRegen 0.22/turn               j - +4 ring of protection

@: studying Ice Magic
A: claws 1, iridescent scales 1, agile 1, passive freeze
a: Renounce Religion, Channel Magic, Forget Spell, Divine Exegesis


You were on level 1 of the Orcish Mines.
You worshipped Sif Muna.
Sif Muna was extremely pleased with you.
You visited 3 branches of the dungeon, and saw 16 of its levels.
You also visited: Sewer and Bailey.

You collected 1165 gold pieces.
You spent 549 gold pieces at shops.

Inventory:

Hand Weapons
 a - a +4 glaive of venom (weapon)
 f - a +4 antimagic rapier
 g - a +2 antimagic dagger
 k - a +3 vampiric spear
Armour
 b - the +1 ring mail of Quud {rN+}
   (You found it on level 2 of the Dungeon)

   rN:        It protects you from negative energy.
 c - a +0 pair of boots (worn)
 l - a +2 cloak of willpower (worn)
 u - the +3 leather armour of the Evening Star {Contam rPois MP+9 Str+7}
   (You found it on level 8 of the Dungeon)

   Str:       It affects your strength (+7).
   rPois:     It protects you from poison.
   MP:        It affects your magic capacity (+9).
   Contam:    It causes magical contamination when unequipped.
 w - a +0 pair of gloves (worn)
 x - a +0 helmet (worn)
 A - the +3 scale mail "Ogietubb" (worn) {rPois Str+3}
   (You bought it in a shop on level 1 of the Orcish Mines)

   Str:       It affects your strength (+3).
   rPois:     It protects you from poison.
 B - a +4 chain mail of poison resistance
 D - a +3 plate armour of fire resistance
Jewellery
 e - a ring of magical power (left hand)
 j - a +4 ring of protection (right hand)
 n - an amulet of guardian spirit (around neck)
 q - a ring of poison resistance
 r - a ring of flight
 E - an amulet of reflection
 F - a ring of fire
 N - a ring of fire
Wands
 i - a wand of flame (36)
 m - a wand of iceblast (4)
 y - a wand of digging (6)
Scrolls
 o - a scroll of immolation
 t - a scroll of magic mapping
 K - a scroll of amnesia
Potions
 d - a potion of cancellation
 h - 3 potions of attraction
 p - 3 potions of brilliance
 s - a potion of mutation
 z - a potion of magic
 J - 2 potions of flight
Miscellaneous
 G - a phantom mirror (inert)


   Skills:
 + Level 10.8 Fighting
 + Level 10.8 Polearms
 * Level 3.6 Armour
 + Level 10.7 Dodging
 - Level 2.0 Stealth
 * Level 5.1 Spellcasting
 + Level 5.5 Conjurations
 + Level 5.4 Air Magic
 + Level 5.6 Poison Magic
 * Level 10.8 Invocations


You had 19 spell levels left.
You knew the following spells:

 Your Spells              Type           Power      Damage    Failure   Level
a - Magic Dart            Conj           60%        1d6       6%          1
b - Mephitic Cloud        Conj/Pois/Air  15%        N/A       19%         3

Your spell library contained the following spells:

 Spells                   Type           Power      Damage    Failure   Level
 Poisonous Vapours        Pois/Air       30%        N/A       10%         2
 Sting                    Tmut/Pois      36%        1d4       19%         1
 Corpse Rot               Necr/Air       16%        N/A       30%         2
 Pain                     Necr           8%         1d4       52%         1
 Olgreb's Toxic Radiance  Pois           15%        N/A       52%         4
 Call Imp                 Summ           2%         N/A       67%         2
 Sublimation of Blood     Necr           2%         N/A       67%         2
 Call Canine Familiar     Summ           2%         N/A       88%         3
 Confusing Touch          Hex            2%         N/A       88%         3
 Inner Flame              Hex/Fire       2%         N/A       88%         3
 Portal Projectile        Hex/Tloc       4%         N/A       88%         3
 Tukima's Dance           Hex            2%         N/A       88%         3
 Dispel Undead            Necr           2%         3d7       99%         4
 Leda's Liquefaction      Hex/Erth       1%         N/A       99%         4
 Passage of Golubria      Tloc           2%         N/A       99%         4
 Petrify                  Tmut/Erth      2%         N/A       99%         4
 Irradiate                Conj/Tmut      4%         3d15      99%         5
 Agony                    Necr           2%         N/A       100%        5
 Borgnjor's Vile Clutch   Necr/Erth      1%         N/A       100%        5
 Excruciating Wounds      Necr           1%         N/A       100%        5
 Yara's Violent Unravell  Hex/Tmut       1%         3d3       100%        5
 Death Channel            Necr           1%         N/A       100%        6


Dungeon Overview and Level Annotations

Branches:
Dungeon (13/15)            Temple (1/1) D:5            Lair (0/6) D:10
    Orc (2/2) D:11          Sewer (visited)          Bailey (visited)
    Elf: Orc:2       Vaults: D:13-14

Altars:
Ashenzari
Cheibriados
Dithmenos
Elyvilon
Fedhas
Gozag
Hepliaklqana
Kikubaaqudgha
Makhleb
Nemelex Xobeh
Okawaru
Qazlal
Ru
Sif Muna
Trog
Uskayaw
Vehumet
Wu Jian
Xom
Yredelemnul
Zin
The Shining One

Shops:
D:6 (*(:   Orc:1 [

Annotations:
D:3 3 runed translucent doors, JhonaSan2K's ghost, weakling DsNe
D:8 exclusion: orange crystal statue
D:9 1 runed translucent door, spica's ghost, journeyman HOBe


Innate Abilities, Weirdness & Mutations

You have sharp fingernails.
You are partially covered in iridescent scales. (AC +2)
You are agile. (Dex +2)
A frigid envelope surrounds you and freezes all who hurt you.


Message History

The orc knight roars a battlecry!
The orc knight goes into a battle-frenzy!
The orc knight shoots a bolt.
The bolt hits you!!
The orc knight hits you with a +0 war axe!!
* * * LOW HITPOINT WARNING * * *
The orc knight is very cold.
The orc knight is lightly wounded.
Okay, then.
The orc knight shoots a bolt.
The bolt hits you.
* * * LOW HITPOINT WARNING * * *
Really walk into that teleport trap?
You enter a teleport trap!
The teleport trap disappears.
Your surroundings suddenly seem different.
The orc knight shoots a bolt.
The bolt completely misses you.
Okay, then.
Your magical contamination has completely faded away.
The orc knight roars a battlecry!
The orc knight no longer looks unusually strong.
Casting: Mephitic Cloud (dangerous; 19% risk of failure)
Confirm with . or Enter, or press ? or * to list all spells.
Aiming: Mephitic Cloud (dangerous; 19% risk of failure)
Press: ? - help, Shift-Dir - straight line, f/p - orc knight
Aim: an orc knight, wielding a +0 war axe and wearing a +0 chain mail (chance to affect: 58%)
The ball explodes into a vile cloud!
The stinking cloud engulfs the orc knight but does no damage.
The orc knight is engulfed in noxious fumes.
The orc knight appears confused.
Casting: Mephitic Cloud (dangerous; 19% risk of failure)
Confirm with . or Enter, or press ? or * to list all spells.
You don't have enough magic to cast this spell.
Okay, then.
Unknown command.
Unknown command.
Unknown command.
The orc knight is engulfed in noxious fumes.
The orc knight shoots a bolt.
The bolt hits you but does no damage.
The orc knight is engulfed in noxious fumes.
The orc knight appears confused.
The orc knight shoots a bolt.
The bolt hits you!
You die...

.....PP[[)##....#...##.#....# ##.
.....P∩P)[###...##○#.......####))
.....P...).###.###°○...#....##...
..........#.#.#o#.o○...........).
.........#.)).............#.....#
#............[..#.#..#........###
............................#####
#.##........................###.#
#####...........@................
###.............>............
####..#......................
##.##.........................
#........##.................#.
##<##....##...................
######..###.#....#.#.##)..)..
#...###.#...........[#..
#...##......#.#....)....


You could see 2 orc knights.

Vanquished Creatures
  Nessos (Orc:2)
  Snorg (D:11)
  2 hydras
  2 centaur warriors (D:10)
  Erolcha (D:9)
  A death knight (D:10)
  10 two-headed ogres
  2 tengu warriors (D:13)
  2 skeletal warriors (D:13)
  3 orc knights
  An elephant (D:10)
  4 cyclopes
  2 deep elf pyromancers
  Joseph (D:7)
  Maurice (D:8)
  A gargoyle (D:12)
  A komodo dragon (D:10)
  Psyche (D:8)
  2 unseen horrors
  6 trolls
  A meliai (D:10)
  3 hornets
  14 slime creatures
  Grinder (Sewer)
  2 shadows
  15 yaks
  3 wyverns
  A basilisk (D:10)
  2 vampire mosquitoes (D:13)
  A steam dragon (D:7)
  Edmund (D:5)
  2 water moccasins
  Duvessa (D:5)
  2 ice beasts (D:7)
  2 necrophages (D:6)
  22 orc warriors
  2 black bears
  A sky beast (D:5)
  6 ogres
  3 centaurs
  A phantom (D:4)
  4 kobold brigands
  Blork the orc (D:4)
  A wyvern zombie (D:8)
  3 scorpions
  4 bullfrogs
  2 gnoll sergeants
  Dowan (D:5)
  9 killer bees
  A wight (D:10)
  An electric eel (D:9)
  4 howler monkeys
  5 centaur zombies
  A bullfrog zombie (D:6)
  A quasit (Sewer)
  A bullfrog skeleton (D:6)
  A jelly (D:4)
  A centaur skeleton (D:4)
  A hound (D:5)
  Crazy Yiuf (D:7)
  17 orc priests
  An iguana (D:4)
  Ijyb (D:4)
  29 orc wizards
  A hound skeleton (D:5)
  2 howler monkey zombies
  6 gnolls
  4 adders
  3 shadow imps
  A white imp (D:7)
  2 ufetubi (Sewer)
  An adder skeleton (D:4)
  3 worms
  2 dart slugs (D:1)
  92 orcs
  10 ball pythons
  10 bats
  8 endoplasms
  2 giant cockroaches (D:4)
  10 goblins
  3 hobgoblins
  2 jackals (D:4)
  2 frilled lizards
  33 kobolds
  8 rats
  2 toadstools (D:1)
429 creatures vanquished.

Vanquished Creatures (collateral kills)
  An ogre (Orc:2)
1 creature vanquished.

Vanquished Creatures (others)
  2 endoplasms (Sewer)
  2 kobold zombies (Sewer)
  2 plants (D:1)
  2 toadstools (D:1)
8 creatures vanquished.

Grand Total: 438 creatures vanquished

Notes
Turn   | Place    | Note
-------+----------+-------------------------------------------
     0 | D:1      | Gabide the Human Monk began the quest for the Orb.
     0 | D:1      | Reached XP level 1. HP: 18/18 MP: 1/1
   122 | D:1      | Reached XP level 2. HP: 24/24 MP: 2/2
  1022 | D:2      | Reached XP level 3. HP: 27/29 MP: 3/3
  1221 | D:2      | Identified the +1 ring mail of Quud {rN+}
  1465 | D:2      | Reached skill level 1 in Armour
  1555 | D:2      | Reached XP level 4. HP: 27/35 MP: 4/4
  2023 | D:3      | Found a hide-covered altar of Uskayaw.
  2121 | D:3      | Found a runed translucent gate.
  2122 | D:3      | Found a runed translucent gate.
  2124 | D:3      | Found a runed translucent gate.
  2124 | D:3      | Noticed JhonaSan2K's ghost (weakling DsNe)
  2392 | D:4      | Reached XP level 5. HP: 39/42 MP: 5/5
  2565 | D:4      | Noticed an ogre
  2570 | D:4      | Killed an ogre
  2571 | D:4      | Reached XP level 6. HP: 48/48 MP: 6/6
  2596 | D:4      | Found a broken altar of Ashenzari.
  2776 | D:4      | Noticed Blork the orc
  2804 | D:4      | Killed Blork the orc
  2805 | D:4      | Reached XP level 7. HP: 26/55 MP: 7/7
  3084 | D:4      | Noticed Ijyb
  3092 | D:4      | Killed Ijyb
  3598 | D:5      | Entered Level 5 of the Dungeon
  3767 | D:5      | Reached skill level 5 in Fighting
  3767 | D:5      | Reached skill level 5 in Polearms
  3767 | D:5      | Reached skill level 5 in Dodging
  3915 | D:5      | Found a staircase to the Ecumenical Temple.
  3922 | Temple   | Entered the Ecumenical Temple
  3931 | Temple   | Became a worshipper of Sif Muna the Loreminder
  3931 | Temple   | Reached * piety under Sif Muna
  3931 | Temple   | Reached ** piety under Sif Muna
  3988 | D:5      | Reached skill level 1 in Invocations
  4041 | D:5      | Noticed Edmund
  4088 | D:5      | Killed Edmund
  4089 | D:5      | Reached XP level 8. HP: 38/62 MP: 9/9
  4230 | D:5      | Found a glowing drain.
  4270 | Sewer    | Entered a sewer
  4389 | Sewer    | Found a burning altar of Makhleb.
  4397 | Sewer    | Noticed Grinder
  4718 | Sewer    | Killed Grinder
  5118 | D:5      | Noticed a two-headed ogre
  5146 | D:5      | Killed a two-headed ogre
  5147 | D:5      | Reached skill level 5 in Invocations
  5147 | D:5      | Reached XP level 9. HP: 69/69 MP: 13/13
  5787 | D:6      | Noticed Duvessa
  5787 | D:6      | Noticed Dowan
  5800 | D:5      | Killed Duvessa
  5810 | D:5      | Killed Dowan
  6049 | D:6      | Noticed a two-headed ogre
  6059 | D:5      | Reached *** piety under Sif Muna
  6104 | D:6      | Found Feklufem's Assorted Antiques.
  6190 | D:6      | Found Vattigio's Antique Weapon Boutique.
  6265 | D:5      | Killed a two-headed ogre
  6266 | D:5      | Reached XP level 10. HP: 56/79 MP: 15/15
  6588 | D:6      | Found Arah's Book Boutique.
  6621 | D:6      | Found Epoubbek's Weapon Boutique.
  6808 | D:6      | Bought a book of Minor Magic for 216 gold pieces
  6810 | D:6      | Learned a level 1 spell: Magic Dart
  6814 | D:6      | Learned a level 3 spell: Mephitic Cloud
  6829 | D:6      | Found a stormy altar of Qazlal.
  7139 | D:7      | Noticed Joseph
  7156 | D:7      | Killed Joseph
  7509 | D:7      | Paralysed by a hornet for 1 turns
  7522 | D:7      | Reached skill level 1 in Air Magic
  7522 | D:7      | Reached skill level 1 in Poison Magic
  7545 | D:7      | Reached skill level 1 in Conjurations
  7743 | D:7      | Identified the +4 quarterstaff "Naudau Avue" {vorpal, Fly}
  7822 | D:7      | Reached skill level 1 in Spellcasting
  8117 | D:7      | Found a runed translucent door.
  8118 | D:7      | Noticed Crazy Yiuf
  8408 | D:7      | Killed Crazy Yiuf
  8833 | D:8      | Noticed Psyche
  9045 | D:8      | Killed Psyche
  9254 | D:8      | Reached XP level 11. HP: 78/86 MP: 16/16
  9350 | D:8      | Noticed an orange crystal statue
  9381 | D:8      | Identified the +3 leather armour of the Evening Star
                  | {Contam rPois MP+9 Str+7}
  9475 | D:8      | Reached **** piety under Sif Muna
  9596 | D:8      | Noticed Maurice
  9634 | D:8      | Killed Maurice
  9918 | D:9      | Paralysed by a hornet for 1 turns
 10909 | D:9      | Found a runed translucent door.
 10910 | D:9      | Noticed spica's ghost (journeyman HOBe)
 10910 | D:9      | Noticed Erolcha
 10913 | D:9      | Noticed a cyclops
 10926 | D:9      | Killed Erolcha
 10945 | D:9      | Killed a cyclops
 11512 | D:10     | Entered Level 10 of the Dungeon
 11534 | D:10     | Noticed an elephant
 11578 | D:10     | Killed an elephant
 11591 | D:10     | Reached ***** piety under Sif Muna
 11591 | D:10     | Received a gift from Sif Muna
 11631 | D:10     | Got Roponotz's Disquisition on Fetching Evil Arts {god
                  | gift}
 11640 | D:10     | Found a staircase to the Lair.
 11730 | D:10     | Reached XP level 12. HP: 80/95 MP: 18/18
 12090 | D:10     | Found a flagged portal.
 12109 | Bailey   | Entered a bailey
 12494 | Bailey   | Found a large runed translucent door.
 12494 | Bailey   | Found a large runed translucent door.
 12737 | D:10     | Noticed a two-headed ogre
 12737 | D:10     | Noticed a two-headed ogre
 13207 | D:8      | Killed a two-headed ogre
 13227 | D:8      | Killed a two-headed ogre
 13829 | D:10     | Noticed a two-headed ogre
 13836 | D:10     | Killed a two-headed ogre
 14333 | D:10     | Identified the +4 trident of the Morning {drain, Int+3}
 14338 | D:10     | Noticed a centaur warrior
 14350 | D:10     | Killed a centaur warrior
 14358 | D:10     | Noticed a death knight
 14369 | D:10     | Killed a death knight
 14464 | D:10     | Noticed a centaur warrior
 14475 | D:10     | Killed a centaur warrior
 14901 | D:10     | Found a shadowy altar of Dithmenos.
 15035 | D:11     | Noticed Snorg
 15045 | D:11     | Noticed a two-headed ogre
 15047 | D:11     | Killed Snorg
 15054 | D:11     | Killed a two-headed ogre
 15055 | D:11     | Reached XP level 13. HP: 84/103 MP: 20/20
 15300 | D:11     | Found a staircase to the Orcish Mines.
 15380 | D:11     | Reached skill level 10 in Fighting
 15527 | D:11     | Noticed a six-headed hydra
 16013 | D:11     | Noticed a five-headed hydra
 16036 | D:11     | Killed a five-headed hydra
 16037 | D:11     | Reached skill level 10 in Polearms
 16241 | D:11     | Reached skill level 10 in Dodging
 17237 | D:10     | Killed a seven-headed hydra
 17823 | D:12     | Reached skill level 10 in Invocations
 18034 | D:12     | Reached skill level 5 in Poison Magic
 18189 | D:12     | HP: 3/104 [titanic slime creature (72)]
 19276 | D:12     | Reached skill level 5 in Conjurations
 19385 | D:12     | Reached skill level 5 in Air Magic
 20439 | D:13     | Received a gift from Sif Muna
 20510 | D:13     | Noticed an anaconda
 20980 | Orc:1    | Entered Level 1 of the Orcish Mines
 20988 | Orc:1    | Found Haumippi's Antique Armour Boutique.
 20997 | Orc:1    | Bought an encrusted scale mail for 333 gold pieces
 20997 | Orc:1    | Identified the +3 scale mail "Ogietubb" {rPois Str+3} (You
                  | bought it in a shop on level 1 of the Orcish Mines)
 21022 | Orc:1    | Gained mutation: Armour fits poorly on your strangely
                  | shaped body. [mutagenic glow]
 21025 | Orc:1    | Lost mutation: Armour fits poorly on your strangely shaped
                  | body. [potion of mutation]
 21025 | Orc:1    | Gained mutation: You are occasionally teleported next to
                  | monsters. [potion of mutation]
 21025 | Orc:1    | Gained mutation: You are somewhat resistant to further
                  | mutation. [potion of mutation]
 21026 | Orc:1    | Lost mutation: You are somewhat resistant to further
                  | mutation. [potion of mutation]
 21026 | Orc:1    | Lost mutation: You are occasionally teleported next to
                  | monsters. [potion of mutation]
 21026 | Orc:1    | Gained mutation: You are partially covered in iridescent
                  | scales. (AC +2) [potion of mutation]
 21026 | Orc:1    | Gained mutation: You are agile. (Dex +2) [potion of
                  | mutation]
 21026 | Orc:1    | Gained mutation: You have sharp fingernails. [potion of
                  | mutation]
 21026 | Orc:1    | Gained mutation: A frigid envelope surrounds you and
                  | freezes all who hurt you. [potion of mutation]
 21813 | Orc:2    | Entered Level 2 of the Orcish Mines
 21824 | Orc:2    | Reached XP level 14. HP: 92/111 MP: 21/21
 21906 | Orc:2    | Noticed Nessos
 21914 | Orc:2    | Reached skill level 5 in Spellcasting
 21915 | Orc:2    | Killed Nessos
 22338 | Orc:1    | Shot with a bolt by an orc knight

Illustrated notes

Levels and vault maps discovered:
D:1:      ldierk_water_garden, layout_loops_ring,
          chequers_serial_rivers_large_a, minmay_misc_feat_room,
          serial_bayou_lake_a
D:2:      layout_rooms
D:3:      layout_rooms, mainiacjoe_overflow_alcove_2, ebering_ghost_rock_garden
D:4:      layout_loops_ring, nicolae_ashenzari_skybound, columned_hall_lemuel,
          minmay_mini_jars, uniq_blork_the_orc, uniq_ijyb
D:5:      layout_loops_ring, minmay_temple_entry_mini_moons,
          cheibrodos_sewer_entry_bend, minmay_misc_feat_secret_circle,
          minmay_misc_feat_cross, uniq_edmund
D:6:      layout_cave_pools, nicolae_qazlal_style_of_elements, serial_shops,
          nicolae_shop_window_shopping, nicolae_shop_bloodbath_and_beyond,
          nicolae_shop_overgrown_old_shop, nicolae_shop_crystal, uniq_duvessa
D:7:      layout_loops_cross, uniq_joseph, uniq_crazy_yiuf_cottage
D:8:      minmay_statue_hallways, layout_rooms, uniq_maurice, uniq_psyche
D:9:      layout_gridville, ebering_ghost_reflecting_pool, hex_tiny,
          hive_lemuel, uniq_erolcha
D:10:     minmay_the_grid_octo_2x2 [minmay_the_grid_octo_focus,
          minmay_the_grid_octo_chip, minmay_the_grid_octo_tetromino_candy,
          minmay_the_grid_octo_prize_single_spiral], layout_basic,
          grunt_dithmenos_smoke_and_mirrors, david_lair_generic, enter_bailey_7,
          chequers_serial_rivers_large_b
D:11:     layout_gridville, hiddenorc2_lemuel, uniq_snorg
D:12:     layout_basic
D:13:     layout_loops_ring, minmay_st_funbox, minmay_misc_feat_square,
          lightli_elemental_guards
Temple:   nicolae_temple_no_exploring_needed
Orc:1:    layout_caves, serial_shops, nicolae_shop_overgrown_old_shop
Orc:2:    grunt_orc_tribal_feast, layout_caves, basic_altar, uniq_nessos

Skill      XL: |  1  2  3  4  5  6  7  8  9 10 11 12 13 14 |
---------------+-------------------------------------------+-----
Armour         | 1 2 3 |  3.6
Fighting       | 4 5 6 7 9 10 | 10.8
Polearms       | 4 5 6 7 8 9 10 | 10.8
Dodging        | 4 5 6 7 8 9 10 | 10.7
Invocations    | 2 5 7 8 9 10 | 10.8
Air Magic      | 1 3 4 5 |  5.4
Poison Magic   | 1 3 4 5 |  5.6
Conjurations   | 1 3 4 5 |  5.5
Spellcasting   | 1 3 4 5 |  5.1
Stealth        | |  2.0

Action                   |  1- 3 |  4- 6 |  7- 9 | 10-12 | 13-15 || total
-------------------------+-------+-------+-------+-------+-------++-------
Melee: Spear             |   104 |   182 |   470 |  1176 |    35 ||  1967
       Punch             |       |     4 |     5 |    22 |     2 ||    33
       Glaive            |       |       |       |   114 |   480 ||   594
Throw: Boomerang         |       |       |     2 |     1 |       ||     3
       Throwing net      |       |       |     1 |     1 |       ||     2
 Cast: Mephitic Cloud    |       |       |       |     4 |    15 ||    19
       Irradiate         |       |       |       |     1 |       ||     1
Invok: Divine Exegesis   |       |       |       |     1 |       ||     1
Evoke: Wand              |       |     1 |    25 |    30 |     6 ||    62
       Phantom mirror    |       |       |       |     1 |     1 ||     2
  Use: Scroll            |       |     4 |     7 |    10 |    12 ||    33
       Potion            |       |     1 |     5 |    10 |     6 ||    22
 Stab: Sleeping          |     4 |     1 |       |     3 |       ||     8
       Distracted        |     1 |     1 |       |     1 |     2 ||     5
       Confused          |       |       |       |     4 |     9 ||    13
       Paralysed         |       |       |       |    15 |       ||    15
Armor: Robe              |     4 |       |       |       |       ||     4
       Ring mail         |    18 |    51 |   177 |   103 |       ||   349
       Leather armour    |       |       |       |   275 |   231 ||   506
       Scale mail        |       |       |       |       |    59 ||    59
Dodge: Dodged            |    39 |    84 |   243 |   680 |   478 ||  1524
